[Event "9th Beirut Open 2017"]
[Site "Beirut"]
[Date "2017.10.01"]
[Round "2"]
[White "Khairallah, Ralph"]
[Black "Mohannad, Farhan"]
[Result "0-1"]
[ECO "A00"]
[WhiteElo "1814"]
[BlackElo "2243"]
[Annotator "NA"]
[PlyCount "98"]
[EventDate "2017.??.??"]
[EventCountry "LBN"]
[SourceTitle "playchess.com"]
[Source "ChessBase"]
[SourceQuality "1"]
[TimeControl "5400+30"]

1. e4 d5 2. exd5 Qxd5 3. Nf3 Nf6 4. d4 Bg4 5. Be2 c6 6. c4 Qa5+ 7. Bd2 Qb6 8. Bc3 Ne4 9. Nbd2 Nxc3 10. bxc3 Nd7 11. O-O e6 12. Rb1 Qc7 13. Qb3 Rb8 14. Bd3 Be7 15. h3 Bh5 16. Rfe1 O-O 17. Ne5 Nxe5 18. Rxe5 Bg6 19. Bxg6 hxg6 20. Re2 Rfd8 21. Rbe1 b6 22. Nf3 Rd6 23. Qc2 Bf6 24. Nd2 Rd7 25. Ne4 Be7 26. Rd1 Rbd8 27. Red2 Qb7 28. Qb3 Qa8 29. Rd3 b5 30. f3 a6 31. R3d2 Kh8 32. a4 f5 33. Nf2 bxa4 34. Qxa4 c5 35. d5 Bg5 36. Ra2 Rd6 37. Kh1 exd5 38. cxd5 Rxd5 39. Rxd5 Qxd5 40. Qxa6 Rb8 41. Ra1 Kh7 42. Qe2 Qb3 43. c4 Bf6 44. Rd1 Bd4 45. Rf1 Qa4 46. h4 Rb2 47. Qe1 Qc2 48. Qe8 Qxc4 49. Re1 Bxf2 0-1

[Event "9th Beirut Open 2017"]
[Site "Beirut"]
[Date "2017.10.01"]
[Round "2"]
[White "Hanna, Elie"]
[Black "Tsatsalashvili, Keti"]
[Result "0-1"]
[ECO "A00"]
[WhiteElo "1778"]
[BlackElo "2264"]
[Annotator "NA"]
[PlyCount "96"]
[EventDate "2017.??.??"]
[EventCountry "LBN"]
[SourceTitle "playchess.com"]
[Source "ChessBase"]
[SourceQuality "1"]
[TimeControl "5400+30"]

1. e4 c6 2. d4 d5 3. Nc3 dxe4 4. Nxe4 Bf5 5. Ng3 Bg6 6. Nf3 Nd7 7. Bd3 e6 8. c3 Ngf6 9. h4 Bd6 10. Ne2 Qc7 11. Ng5 Bxd3 12. Qxd3 h6 13. Nf3 O-O-O 14. Bd2 Rhe8 15. O-O-O Qa5 16. Kb1 Qf5 17. Nc1 Ng4 18. Be3 Ndf6 19. Rhe1 Nd5 20. Re2 Bf4 21. Rde1 g6 22. Bd2 Bxd2 23. Rxd2 Nf4 24. Qxf5 exf5 25. Rxe8 Rxe8 26. g3 Nd5 27. Nd3 Ndf6 28. Nfe5 Ne4 29. Rc2 Re7 30. Kc1 Nxe5 31. Nxe5 g5 32. Re2 Nd6 33. Kd1 Kd8 34. a4 f6 35. Nd3 Ne4 36. Nc5 Nxc5 37. Rxe7 Kxe7 38. dxc5 Ke6 39. c4 Ke5 40. Kd2 Kd4 41. b3 h5 42. a5 a6 43. f4 gxf4 44. gxf4 Ke4 45. Kc3 Kxf4 46. b4 Ke3 47. b5 f4 48. Kc2 f3 0-1

[Event "9th Beirut Open 2017"]
[Site "Beirut"]
[Date "2017.10.01"]
[Round "2"]
[White "Ghnatios, Ralph"]
[Black "Koniahli, Malek"]
[Result "0-1"]
[ECO "B06"]
[WhiteElo "1764"]
[BlackElo "2086"]
[Annotator "NA"]
[PlyCount "52"]
[EventDate "2017.??.??"]
[EventCountry "LBN"]
[SourceTitle "playchess.com"]
[Source "ChessBase"]
[SourceQuality "1"]
[TimeControl "5400+30"]

1. e4 g6 2. d4 Bg7 3. c3 d6 4. Nf3 Nf6 5. Qc2 O-O 6. Bc4 c6 7. Nbd2 Nbd7 8. O-O e5 9. dxe5 dxe5 10. a4 Nh5 11. Ba2 Qc7 12. a5 Nc5 13. b4 Ne6 14. Nc4 Nef4 15. Be3 Bg4 16. Ng5 h6 17. h3 Be2 18. Nf3 Bxf3 19. gxf3 Qd7 20. Bxf4 Nxf4 21. Ne3 Qxh3 22. Rfd1 Qxf3 23. Rd7 Nh3+ 24. Kh2 Ng5 25. Ng2 Qh3+ 26. Kg1 Qxd7 0-1

[Event "9th Beirut Open 2017"]
[Site "Beirut"]
[Date "2017.10.01"]
[Round "2"]
[White "Ward, Serge"]
[Black "Shamieh, Jamal"]
[Result "0-1"]
[ECO "A00"]
[WhiteElo "1730"]
[BlackElo "2046"]
[Annotator "NA"]
[PlyCount "51"]
[EventDate "2017.??.??"]
[EventCountry "LBN"]
[SourceTitle "playchess.com"]
[Source "ChessBase"]
[SourceQuality "1"]
[TimeControl "5400+30"]

1. e4 c6 2. Nc3 d5 3. Qf3 d4 4. Bc4 Nf6 5. e5 dxc3 6. exf6 exf6 7. dxc3 Nd7 8. Bf4 Nc5 9. Rd1 Qb6 10. b4 Ne6 11. Bg3 Be7 12. Ne2 O-O 13. O-O a5 14. Rb1 Rd8 15. b5 Ng5 16. Qh5 g6 17. Qh6 Qc5 18. Bd3 Bg4 19. Nf4 Qxc3 20. h3 Bd7 21. Rfe1 Qc5 22. bxc6 Bxc6 23. Rxe7 Qxe7 24. h4 Ne4 25. Re1 f5 26. Bc4 0-1

[Event "9th Beirut Open 2017"]
[Site "Beirut"]
[Date "2017.10.01"]
[Round "2"]
[White "Bedrosian, Danielle"]
[Black "Badieh, Mahmoud"]
[Result "1-0"]
[ECO "A00"]
[WhiteElo "1696"]
[BlackElo "1262"]
[Annotator "NA"]
[PlyCount "49"]
[EventDate "2017.??.??"]
[EventCountry "LBN"]
[SourceTitle "playchess.com"]
[Source "ChessBase"]
[SourceQuality "1"]
[TimeControl "5400+30"]

1. c4 e5 2. Nc3 Bb4 3. g3 Nf6 4. Bg2 c6 5. e4 d6 6. Nge2 Be6 7. d3 d5 8. Qa4 Bxc3+ 9. bxc3 dxe4 10. dxe4 O-O 11. O-O Qd3 12. Re1 Qxc4 13. Qc2 Rd8 14. Ba3 Na6 15. Nc1 Rd7 16. Bf1 Qxe4 17. Rxe4 Bf5 18. Bd3 Bxe4 19. Bxe4 Rad8 20. Nb3 g6 21. Bf3 Rd3 22. Be2 R3d7 23. Rd1 Rxd1+ 24. Bxd1 Nc7 25. Be7 1-0

[Event "9th Beirut Open 2017"]
[Site "Beirut"]
[Date "2017.10.01"]
[Round "2"]
[White "Saeed, Riad"]
[Black "Moudallal, Tarek"]
[Result "1-0"]
[ECO "A00"]
[WhiteElo "1685"]
[BlackElo "2062"]
[Annotator "NA"]
[PlyCount "140"]
[EventDate "2017.??.??"]
[EventCountry "LBN"]
[SourceTitle "playchess.com"]
[Source "ChessBase"]
[SourceQuality "1"]
[TimeControl "5400+30"]

1. e4 d5 2. exd5 Nf6 3. d4 Nxd5 4. Bd3 g6 5. Nf3 Bg7 6. c3 O-O 7. O-O h6 8. Ne5 Bxe5 9. dxe5 Kg7 10. Qd2 Rh8 11. c4 Nb6 12. Qc3 e6 13. b3 Nc6 14. Be3 Qe7 15. a3 Nd7 16. f4 Kh7 17. Nd2 b6 18. Ne4 Bb7 19. Rf3 Rad8 20. Rh3 Kg7 21. b4 Qf8 22. g4 Rh7 23. Rf1 Qh8 24. Nf6 Nxf6 25. exf6+ Kg8 26. Be4 Nd4 27. Bxd4 Bxe4 28. Re3 Bb7 29. Be5 g5 30. Bxc7 Rc8 31. Qe5 h5 32. Qxg5+ Kf8 33. Rd1 Rh6 34. Qg7+ Qxg7 35. fxg7+ Kxg7 36. g5 Rh7 37. Be5+ Kg6 38. Rd4 h4 39. h3 a6 40. a4 b5 41. axb5 axb5 42. c5 Bd5 43. Bf6 Ra8 44. Rc3 Ra1+ 45. Kf2 Ra2+ 46. Ke1 Ra6 47. Rxd5 exd5 48. c6 Ra8 49. c7 Rc8 50. Be5 Kf5 51. Rc5 Ke6 52. Rxb5 Rh5 53. Rb6+ Kd7 54. Rd6+ Ke7 55. Rxd5 f6 56. Rd8 fxe5 57. Rxc8 Kd7 58. Re8 Kxc7 59. Rxe5 Kd6 60. Ke2 Rh8 61. Kf3 Rc8 62. Kg4 Rf8 63. b5 Rf7 64. g6 Rf8 65. Kg5 Rg8 66. Re3 Rb8 67. g7 Rxb5+ 68. Kg6 Rb8 69. Kh7 Rb7 70. Kh8 Rb3 1-0

[Event "9th Beirut Open 2017"]
[Site "Beirut"]
[Date "2017.10.01"]
[Round "2"]
[White "Khoder, Akram"]
[Black "Tseitlin, Mark D"]
[Result "1-0"]
[ECO "A00"]
[WhiteElo "1547"]
[BlackElo "2276"]
[Annotator "NA"]
[PlyCount "71"]
[EventDate "2017.??.??"]
[EventCountry "LBN"]
[SourceTitle "playchess.com"]
[Source "ChessBase"]
[SourceQuality "1"]
[TimeControl "5400+30"]

1. d4 f5 2. Nc3 Nf6 3. Bf4 g6 4. e3 Bg7 5. Bd3 d6 6. Nf3 O-O 7. Ng5 e6 8. O-O h6 9. Nf3 Nc6 10. e4 g5 11. Bc1 g4 12. Nh4 Nxe4 13. Ng6 Nxc3 14. bxc3 Re8 15. f3 Qf6 16. Nf4 e5 17. Nd5 Qf7 18. Nb4 Nxb4 19. cxb4 h5 20. c3 exd4 21. c4 c5 22. bxc5 dxc5 23. Qc2 Rf8 24. Bf4 b6 25. fxg4 hxg4 26. Rae1 Bd7 27. Bd6 Rfe8 28. Be4 Rac8 29. Bd5 Be6 30. Rxf5 Qd7 31. Rh5 Qxd6 32. Rf1 d3 33. Qxd3 Bd4+ 34. Kh1 Rc7 35. Qg6+ Rg7 36. Qxe8+ 1-0

[Event "9th Beirut Open 2017"]
[Site "Beirut"]
[Date "2017.10.01"]
[Round "2"]
[White "Edelby, Ahmad"]
[Black "Lakhoyan, Hrag"]
[Result "1/2-1/2"]
[ECO "A00"]
[WhiteElo "1531"]
[BlackElo "1582"]
[Annotator "NA"]
[PlyCount "70"]
[EventDate "2017.??.??"]
[EventCountry "LBN"]
[SourceTitle "playchess.com"]
[Source "ChessBase"]
[SourceQuality "1"]
[TimeControl "5400+30"]

1. b3 Nf6 2. e3 d5 3. d4 Bf5 4. Bb2 e6 5. Nf3 Nbd7 6. Nbd2 Rc8 7. c4 c6 8. c5 a5 9. a3 b6 10. b4 Rb8 11. Bc3 Ne4 12. Nxe4 Bxe4 13. Be2 Be7 14. O-O O-O 15. Re1 Re8 16. Kh1 Bf6 17. Rc1 bxc5 18. bxc5 Qc7 19. Qa4 Ra8 20. Red1 Reb8 21. Nd2 Bg6 22. Nf3 e5 23. Rd2 e4 24. Ng1 Bd8 25. f4 exf3 26. Nxf3 Be4 27. Rf1 Nf6 28. Ne5 Rc8 29. Rb2 Rab8 30. Rxb8 Rxb8 31. Nxc6 Qd7 32. Bb5 Qg4 33. Rg1 Rxb5 34. Qxb5 Bxg2+ 35. Rxg2 Qd1+ 1/2-1/2

[Event "9th Beirut Open 2017"]
[Site "Beirut"]
[Date "2017.10.01"]
[Round "2"]
[White "Khallouf, Abdallah"]
[Black "Eid, Wissam"]
[Result "1-0"]
[ECO "A00"]
[WhiteElo "1530"]
[BlackElo "1531"]
[Annotator "NA"]
[PlyCount "79"]
[EventDate "2017.??.??"]
[EventCountry "LBN"]
[SourceTitle "playchess.com"]
[Source "ChessBase"]
[SourceQuality "1"]
[TimeControl "5400+30"]

1. c4 Nf6 2. g3 g6 3. Bg2 Bg7 4. Nc3 c6 5. e4 d6 6. Nge2 e5 7. O-O Be6 8. d3 Qc8 9. Rb1 Bh3 10. d4 Bxg2 11. Kxg2 O-O 12. d5 c5 13. f3 h5 14. Bg5 Nh7 15. Be7 Qd7 16. Bxf8 Bxf8 17. Qa4 Qe7 18. b4 Nd7 19. Qc2 h4 20. bxc5 Nxc5 21. Na4 Bh6 22. Nxc5 dxc5 23. g4 h3+ 24. Kh1 b6 25. Qa4 Rc8 26. Rbd1 Rd8 27. Qc6 Rd6 28. Qc8+ Kg7 29. Rd3 Ng5 30. Rfd1 Qf6 31. Ng1 Nxe4 32. fxe4 Qf4 33. Re1 Qf2 34. Re2 Qf6 35. Rf3 Bf4 36. Nxh3 Rd8 37. Qc6 Rd6 38. Qa4 g5 39. Nxf4 gxf4 40. Qd1 1-0

[Event "9th Beirut Open 2017"]
[Site "Beirut"]
[Date "2017.10.01"]
[Round "2"]
[White "El Saleh, Riham"]
[Black "Ammoun, Hani"]
[Result "0-1"]
[ECO "A00"]
[WhiteElo "1466"]
[BlackElo "2109"]
[Annotator "NA"]
[PlyCount "96"]
[EventDate "2017.??.??"]
[EventCountry "LBN"]
[SourceTitle "playchess.com"]
[Source "ChessBase"]
[SourceQuality "1"]
[TimeControl "5400+30"]

1. d4 e6 2. c4 b6 3. Nc3 Bb4 4. Nf3 Bb7 5. Bf4 d5 6. e3 Nd7 7. cxd5 exd5 8. Bd3 Ngf6 9. h3 O-O 10. O-O Bxc3 11. bxc3 c5 12. Rc1 c4 13. Bc2 b5 14. a4 a6 15. Qe2 Re8 16. Rfe1 Ne4 17. Bxe4 dxe4 18. Nd2 Nb6 19. axb5 axb5 20. Nb1 Nd5 21. Bh2 Qe7 22. Qb2 Bc6 23. Nd2 Qa3 24. Qxa3 Rxa3 25. Nb1 Rb3 26. Bd6 f5 27. Re2 Rxb1 28. Rxb1 Nxc3 29. Reb2 Nxb1 30. Rxb1 Ra8 31. Kf1 Ra2 32. Ke1 Kf7 33. Bb4 Ke6 34. Bc3 Kd5 35. Bb4 Be8 36. Bc3 Rc2 37. Ba5 c3 38. Rb3 Kc4 39. Rb4+ Kd3 40. Rb1 Re2+ 41. Kf1 Rb2 42. Rd1+ Kc4 43. Bxc3 Kxc3 44. d5 Rd2 45. Ke1 Rxd1+ 46. Kxd1 Kb2 47. Kd2 b4 48. d6 Ka2 0-1

[Event "9th Beirut Open 2017"]
[Site "Beirut"]
[Date "2017.10.01"]
[Round "2"]
[White "Arcadan, Adib"]
[Black "Wafa, Shahenda"]
[Result "1-0"]
[ECO "E89"]
[WhiteElo "1346"]
[BlackElo "2150"]
[Annotator "NA"]
[PlyCount "75"]
[EventDate "2017.??.??"]
[EventCountry "LBN"]
[SourceTitle "playchess.com"]
[Source "ChessBase"]
[SourceQuality "1"]
[TimeControl "5400+30"]

1. d4 Nf6 2. c4 g6 3. Nc3 Bg7 4. e4 d6 5. f3 O-O 6. Be3 e5 7. d5 c6 8. Nge2 cxd5 9. cxd5 a6 10. Ng3 b5 11. a3 Ne8 12. Be2 f5 13. Bf2 f4 14. Nf1 Nf6 15. Nd2 Qe8 16. b4 Nbd7 17. a4 bxa4 18. Rxa4 Bb7 19. Nc4 Qe7 20. O-O Ne8 21. Na5 Ndf6 22. Qd3 Bc8 23. Rfa1 Bd7 24. R4a3 Nc7 25. Qd2 Rfb8 26. Qb2 Qe8 27. Nc4 g5 28. Nb6 g4 29. Nxa8 Rxa8 30. Bxa6 Nxa6 31. Rxa6 Rxa6 32. Rxa6 gxf3 33. gxf3 Bh3 34. Bh4 Qh5 35. Ra8+ Kf7 36. Bxf6 Kxf6 37. Ra7 Bf8 38. Ra6 1-0

[Event "9th Beirut Open 2017"]
[Site "Beirut"]
[Date "2017.09.30"]
[Round "2"]
[White "Abchee, Alexandre"]
[Black "Abdulaziz, Mahmoud"]
[Result "0-1"]
[ECO "A00"]
[WhiteElo "1292"]
[BlackElo "2093"]
[Annotator "NA"]
[PlyCount "88"]
[EventDate "2017.??.??"]
[EventCountry "LBN"]
[SourceTitle "playchess.com"]
[Source "ChessBase"]
[SourceQuality "1"]
[TimeControl "5400+30"]

1. e4 g6 2. d4 Bg7 3. Nf3 d6 4. Nc3 a6 5. Be3 b5 6. a3 Nd7 7. Qd2 Bb7 8. Bd3 c5 9. b3 Rc8 10. Rb1 h6 11. Na2 Ngf6 12. Qe2 Qa5+ 13. Bd2 Qc7 14. O-O O-O 15. Rfe1 cxd4 16. Nxd4 Nc5 17. f3 Nfxe4 18. Bxh6 Bxd4+ 19. Kf1 Nc3 20. Nxc3 Bxc3 21. Qxe7 Rfe8 22. Qxc7 Rxe1+ 23. Rxe1 Rxc7 24. Re8+ Kh7 25. Bf4 Nxd3 26. cxd3 Rd7 27. Rb8 Kg7 28. Bxd6 Kf6 29. g4 Ke6 30. Bg3 Kd5 31. Re8 Bb2 32. a4 bxa4 33. bxa4 Bc3 34. Re4 a5 35. Rc4 Bd4 36. Rc1 Bc6 37. Be1 Ra7 38. Rc4 Ra6 39. Ke2 Bd7 40. Kf1 Be5 41. h3 Rc6 42. Re4 Rc1 43. Kf2 Rc2+ 44. Kf1 Bd4 0-1

[Event "9th Beirut Open 2017"]
[Site "Beirut"]
[Date "2017.10.01"]
[Round "2"]
[White "El Jawich, Muhammad"]
[Black "Kaloust, Giorgio"]
[Result "0-1"]
[ECO "A00"]
[WhiteElo "1245"]
[BlackElo "1764"]
[Annotator "NA"]
[PlyCount "110"]
[EventDate "2017.??.??"]
[EventCountry "LBN"]
[SourceTitle "playchess.com"]
[Source "ChessBase"]
[SourceQuality "1"]
[TimeControl "5400+30"]

1. e4 c5 2. Nf3 g6 3. c3 Bg7 4. d4 cxd4 5. cxd4 d6 6. h3 Nc6 7. Nc3 a6 8. Bc4 e6 9. O-O Nge7 10. a3 b5 11. Ba2 O-O 12. b4 Bb7 13. Be3 Rc8 14. Rc1 Re8 15. Ne2 Nb8 16. Ng3 Nd7 17. Qd3 Nf6 18. Rxc8 Qxc8 19. Rc1 Qa8 20. Bb1 Rc8 21. Rxc8+ Qxc8 22. Qc2 Kf8 23. Qxc8+ Nxc8 24. Kf1 Nb6 25. Nd2 Nfd7 26. Ke2 d5 27. e5 Nc4 28. Nxc4 dxc4 29. Be4 Bd5 30. Bxd5 exd5 31. f4 Ke8 32. f5 Bf8 33. f6 Nb6 34. Kd2 a5 35. bxa5 Na4 36. Kc2 Bxa3 37. Bc1 Bb4 38. a6 Kd7 39. a7 Nb6 40. Bd2 Bf8 41. Ba5 Na8 42. Ne2 g5 43. g4 Kc6 44. Ng3 b4 45. Nf5 b3+ 46. Kc3 Kb5 47. Bd8 Bb4+ 48. Kb2 Ka4 49. Be7 c3+ 50. Kc1 Ba3+ 51. Bxa3 Kxa3 52. Ne3 Ka2 53. Nxd5 b2+ 54. Kc2 b1=Q+ 55. Kxc3 Qb3+ 0-1

[Event "9th Beirut Open 2017"]
[Site "Beirut"]
[Date "2017.10.02"]
[Round "4"]
[White "Abdulaziz, Mahmoud"]
[Black "Said, Riad"]
[Result "1-0"]
[ECO "A00"]
[WhiteElo "2093"]
[BlackElo "1793"]
[Annotator "NA RC"]
[PlyCount "79"]
[EventDate "2017.??.??"]
[EventCountry "LBN"]
[SourceTitle "playchess.com"]
[Source "ChessBase"]
[SourceQuality "1"]
[TimeControl "5400+30"]

1. c4 c5 2. g3 Nc6 3. Bg2 g6 4. Nc3 Bg7 5. Nf3 Nf6 6. O-O O-O 7. d4 cxd4 8. Nxd4 h6 9. e3 Ne5 10. b3 d6 11. f4 Ned7 12. h3 Nc5 13. Kh2 Rb8 14. Bb2 Bd7 15. Qe2 a6 16. Rad1 Re8 17. f5 e5 18. fxe6 Nxe6 19. Qc2 Nh5 20. Nde2 Bc6 21. Nd5 Qg5 22. Rf3 Nc5 23. Bxg7 Nxg7 24. h4 Qe5 25. Qc3 Nf5 26. e4 Nxh4 27. Rf2 Nxg2 28. Nf6+ Kf8 29. Nxe8 Qxc3 30. Nxc3 Ne3 31. Nxd6 Ng4+ 32. Kg1 Nxf2 33. Kxf2 Rd8 34. Ke3 f6 35. b4 Ne6 36. a4 Ke7 37. c5 h5 38. Nd5+ Bxd5 39. exd5 Nc7 40. Kd4 1-0

[Event "9th Beirut Open 2017"]
[Site "Beirut"]
[Date "2017.10.02"]
[Round "4"]
[White "Asmar, Elie"]
[Black "Jabr, Bernard"]
[Result "1-0"]
[ECO "A00"]
[WhiteElo "2061"]
[BlackElo "1721"]
[Annotator "NA RC"]
[PlyCount "59"]
[EventDate "2017.??.??"]
[EventCountry "LBN"]
[SourceTitle "playchess.com"]
[Source "ChessBase"]
[SourceQuality "1"]
[TimeControl "5400+30"]

1. d4 d5 2. Bf4 Bf5 3. e3 e6 4. Nf3 Nf6 5. Be2 c5 6. c3 Nc6 7. Nbd2 h6 8. Ne5 c4 9. b3 cxb3 10. axb3 Bd6 11. Nxc6 bxc6 12. Bxd6 Qxd6 13. b4 O-O 14. O-O e5 15. Nf3 exd4 16. Nxd4 Bg6 17. Ra6 Rfc8 18. Bg4 Nxg4 19. Qxg4 Rc7 20. Rfa1 Qe5 21. Qg3 Qxg3 22. hxg3 c5 23. bxc5 Rxc5 24. Rxa7 Rxa7 25. Rxa7 Rxc3 26. Ra5 Be4 27. f3 Bg6 28. Kf2 Bd3 29. Rxd5 Rc1 30. Ne2 1-0

[Event "9th Beirut Open 2017"]
[Site "Beirut"]
[Date "2017.10.02"]
[Round "4"]
[White "Sursock, Sameer"]
[Black "Kaloust, Giorgio"]
[Result "1-0"]
[ECO "B76"]
[WhiteElo "2033"]
[BlackElo "1764"]
[Annotator "NA RC"]
[PlyCount "59"]
[EventDate "2017.??.??"]
[EventCountry "LBN"]
[SourceTitle "playchess.com"]
[Source "ChessBase"]
[SourceQuality "1"]
[TimeControl "5400+30"]

1. e4 c5 2. Nf3 g6 3. d4 cxd4 4. Nxd4 Bg7 5. Nc3 d6 6. Be3 Nc6 7. Qd2 Nf6 8. f3 O-O 9. O-O-O Re8 10. g4 Nd7 11. h4 Nde5 12. Qf2 h6 13. h5 Nxd4 14. Bxd4 g5 15. Be2 a6 16. Nd5 Be6 17. Kb1 b5 18. Rhg1 Bxd5 19. exd5 f6 20. f4 Nd7 21. fxg5 fxg5 22. Bxg7 Kxg7 23. Qf5 Ne5 24. Bd3 Rh8 25. Rde1 Qe8 26. Rxe5 dxe5 27. Qxe5+ Kg8 28. Rf1 Qd7 29. Bf5 Qe8 30. Bg6 1-0

[Event "9th Beirut Open 2017"]
[Site "Beirut"]
[Date "2017.10.02"]
[Round "4"]
[White "Khechen, Nabil E"]
[Black "Khalili, Moustafa"]
[Result "1-0"]
[ECO "A00"]
[WhiteElo "1956"]
[BlackElo "1712"]
[Annotator "NA RC"]
[PlyCount "121"]
[EventDate "2017.??.??"]
[EventCountry "LBN"]
[SourceTitle "playchess.com"]
[Source "ChessBase"]
[SourceQuality "1"]
[TimeControl "5400+30"]

1. e4 c5 2. d4 cxd4 3. c3 dxc3 4. Nxc3 d6 5. Bc4 Nc6 6. Nf3 Nf6 7. e5 dxe5 8. Qxd8+ Kxd8 9. Ng5 Nd4 10. O-O Ke8 11. Bxf7+ Kd7 12. Bc4 e6 13. Nf7 Rg8 14. Nxe5+ Ke7 15. Rd1 Nc6 16. f4 Nxe5 17. fxe5 Ng4 18. Bg5+ Kf7 19. Ne4 Nxe5 20. Bb5 Bb4 21. a3 Ba5 22. Nd6+ Kg6 23. Bf4 Ng4 24. Bd3+ Kf6 25. Ne4+ Kf5 26. Rf1 Bb6+ 27. Kh1 Nf2+ 28. Rxf2 Bxf2 29. Bd6 Rd8 30. Nxf2+ Kf6 31. Ng4+ Kf7 32. Bb4 Kg8 33. Ne5 a5 34. Bc3 b6 35. Be4 Ra6 36. Nc6 Re8 37. Rd1 Bb7 38. Rd7 Bxc6 39. Bxc6 Rb8 40. Rxg7+ Kf8 41. Rxh7 Rd8 42. Rh8+ Ke7 43. Bf6+ Kxf6 44. Rxd8 Ra7 45. Rd7 Ra6 46. a4 e5 47. Kg1 Ke6 48. Rh7 Kd6 49. Rh6+ Kc5 50. Bb5 Ra7 51. Kf2 Rf7+ 52. Ke2 Rf4 53. Rc6+ Kd5 54. Rxb6 Rb4 55. Kd3 Rd4+ 56. Ke3 Re4+ 57. Kd3 Rd4+ 58. Kc3 Ke4 59. Re6 Kf5 60. Re8 Rd1 61. h3 1-0

[Event "9th Beirut Open 2017"]
[Site "Beirut"]
[Date "2017.10.02"]
[Round "4"]
[White "Khairallah, Ralph"]
[Black "Koniahli, Malek"]
[Result "0-1"]
[ECO "A00"]
[WhiteElo "1814"]
[BlackElo "2086"]
[Annotator "NA RC"]
[PlyCount "82"]
[EventDate "2017.??.??"]
[EventCountry "LBN"]
[SourceTitle "playchess.com"]
[Source "ChessBase"]
[SourceQuality "1"]
[TimeControl "5400+30"]

1. e4 g6 2. d4 Bg7 3. Nc3 d6 4. Bg5 c6 5. Qd2 h6 6. Bh4 b5 7. f4 Bb7 8. Nf3 Nf6 9. Bd3 b4 10. Ne2 a5 11. e5 Nd5 12. e6 Bc8 13. exf7+ Kxf7 14. c4 bxc3 15. bxc3 Bf5 16. h3 Qc8 17. O-O Qe6 18. Bxf5 gxf5 19. Rfe1 Nf6 20. Bxf6 Bxf6 21. Ng3 Qd7 22. Nh5 Na6 23. Qd3 Nc7 24. Nxf6 Kxf6 25. c4 e6 26. Qc3 Kf7 27. c5 Nd5 28. Qc1 Rhg8 29. cxd6 Qxd6 30. Ne5+ Kf6 31. Rf1 Rg3 32. Qxc6 Qxc6 33. Nxc6 Rag8 34. Rf2 Ne3 35. Nxa5 Rxg2+ 36. Rxg2 Rxg2+ 37. Kh1 Rc2 38. Nb3 Rb2 39. Nc5 Nc2 40. Nd3 Rb6 41. a4 Nxa1 0-1

[Event "9th Beirut Open 2017"]
[Site "Beirut"]
[Date "2017.10.02"]
[Round "4"]
[White "Ghnatios, Ralph"]
[Black "Shamieh, Jamal"]
[Result "1-0"]
[ECO "A00"]
[WhiteElo "1764"]
[BlackElo "2046"]
[Annotator "NA RC"]
[PlyCount "69"]
[EventDate "2017.??.??"]
[EventCountry "LBN"]
[SourceTitle "playchess.com"]
[Source "ChessBase"]
[SourceQuality "1"]
[TimeControl "5400+30"]

1. e4 d5 2. exd5 Qxd5 3. d4 Nf6 4. Nf3 g6 5. c4 Qd8 6. Nc3 Bg7 7. Bf4 O-O 8. Bd3 c6 9. O-O Nbd7 10. Re1 Re8 11. Qd2 Nf8 12. d5 cxd5 13. cxd5 Nxd5 14. Bb5 Nxf4 15. Bxe8 Qxd2 16. Nxd2 Be6 17. Bb5 Rd8 18. Nde4 a6 19. Bf1 Bf5 20. Nc5 Rd2 21. g3 Rxb2 22. N5a4 Rc2 23. Rac1 N4e6 24. Rxc2 Bxc2 25. Rc1 Nd4 26. Nc5 Bh6 27. f4 e5 28. Ne2 Bf5 29. Nxd4 exd4 30. Nxb7 Ne6 31. Nd6 Bg4 32. Rc8+ Bf8 33. Ne8 Bf3 34. Bxa6 Bd5 35. Nf6+ 1-0

[Event "9th Beirut Open 2017"]
[Site "Beirut"]
[Date "2017.10.02"]
[Round "4"]
[White "Abdo, Moussa"]
[Black "Lakhoyan, Hrag"]
[Result "1/2-1/2"]
[ECO "A00"]
[WhiteElo "1753"]
[BlackElo "1582"]
[Annotator "NA RC"]
[PlyCount "36"]
[EventDate "2017.??.??"]
[EventCountry "LBN"]
[SourceTitle "playchess.com"]
[Source "ChessBase"]
[SourceQuality "1"]
[TimeControl "5400+30"]

1. e4 c6 2. d4 d5 3. Nc3 g6 4. exd5 cxd5 5. Bb5+ Bd7 6. Qe2 Nf6 7. Nf3 Bxb5 8. Qxb5+ Qd7 9. Ne5 Qxb5 10. Nxb5 Na6 11. Nc3 Bg7 12. Be3 O-O 13. O-O Nb4 14. Rac1 Na6 15. Rcd1 Nb4 16. Rc1 Na6 17. Rcd1 Nb4 18. Rc1 Na6 1/2-1/2

[Event "9th Beirut Open 2017"]
[Site "Beirut"]
[Date "2017.10.02"]
[Round "4"]
[White "Ward, Serge"]
[Black "Moudallal, Tarek"]
[Result "1-0"]
[ECO "B27"]
[WhiteElo "1730"]
[BlackElo "2062"]
[Annotator "NA RC"]
[PlyCount "59"]
[EventDate "2017.??.??"]
[EventCountry "LBN"]
[SourceTitle "playchess.com"]
[Source "ChessBase"]
[SourceQuality "1"]
[TimeControl "5400+30"]

1. e4 c5 2. Nf3 g6 3. d4 cxd4 4. Qxd4 Nf6 5. Nc3 Bg7 6. e5 Nc6 7. Qa4 Ng8 8. Bf4 Nh6 9. h3 O-O 10. O-O-O a6 11. Kb1 b6 12. Be2 Bb7 13. Rd2 b5 14. Qe4 Qc8 15. Qd3 Nb8 16. Nd5 Bxd5 17. Qxd5 Ra7 18. g4 Rc7 19. Qb3 Nc6 20. Qe3 Rd8 21. Bxh6 Bh8 22. Bf4 e6 23. Bg5 Re8 24. Bf6 Qb7 25. Rhd1 d5 26. Qh6 Nxe5 27. Bxh8 Kxh8 28. Nxe5 Rec8 29. g5 Rc5 30. Ng4 1-0

[Event "9th Beirut Open 2017"]
[Site "Beirut"]
[Date "2017.10.02"]
[Round "4"]
[White "Bedrosian, Danielle"]
[Black "Abchee, Alexandre"]
[Result "1-0"]
[ECO "A00"]
[WhiteElo "1696"]
[BlackElo "1292"]
[Annotator "NA RC"]
[PlyCount "23"]
[EventDate "2017.??.??"]
[EventCountry "LBN"]
[SourceTitle "playchess.com"]
[Source "ChessBase"]
[SourceQuality "1"]
[TimeControl "5400+30"]

1. c4 c6 2. g3 d5 3. Bg2 Nf6 4. Nf3 Bg4 5. cxd5 cxd5 6. Ne5 e6 7. Nxg4 Nxg4 8. Qa4+ Nc6 9. Qxg4 Qb6 10. O-O Nd4 11. Nc3 Nc2 12. Qa4+ 1-0

[Event "9th Beirut Open 2017"]
[Site "Beirut"]
[Date "2017.10.02"]
[Round "4"]
[White "Saeed, Riad"]
[Black "Altorky, Amer"]
[Result "0-1"]
[ECO "A00"]
[WhiteElo "1685"]
[BlackElo "1940"]
[Annotator "NA RC"]
[PlyCount "74"]
[EventDate "2017.??.??"]
[EventCountry "LBN"]
[SourceTitle "playchess.com"]
[Source "ChessBase"]
[SourceQuality "1"]
[TimeControl "5400+30"]

1. e4 c5 2. Nf3 a6 3. d4 cxd4 4. Nxd4 Nf6 5. Nc3 e5 6. Nf3 Nc6 7. Bd3 Bc5 8. O-O h6 9. Nd5 d6 10. h3 O-O 11. a3 Nxd5 12. exd5 Ne7 13. b4 Ba7 14. c4 f5 15. Bc2 Ng6 16. Be3 e4 17. Nh2 Bxe3 18. fxe3 b6 19. Qd4 Bd7 20. Bb3 Rc8 21. Rac1 Ne5 22. Rc2 a5 23. c5 a4 24. Ba2 Bb5 25. Rd1 Bd3 26. Rc3 bxc5 27. bxc5 Kh7 28. c6 Qg5 29. Rd2 f4 30. Rdxd3 exd3 31. Bb1 fxe3 32. Bxd3+ Nxd3 33. Qxd3+ Qf5 34. Qxe3 Qb1+ 35. Nf1 Rxf1+ 36. Kh2 Rh1+ 37. Kg3 Qg6+ 0-1